 Dungeon Crawl Stone Soup version 0.22-a0-533-g4d20840 (webtiles) character file.

186 Amnesiac the Ducker (level 5, 0/27 HPs)
             Began as a Spriggan Berserker on June 22, 2018.
             Was a Believer of Trog.
             Slain by an adder (5 damage)
             ... on level 3 of the Dungeon.
             The game lasted 00:03:31 (1883 turns).

Amnesiac the Ducker (Spriggan Berserker)            Turns: 1883, Time: 00:03:32

Health: 0/27       AC:  2    Str: 14    XL:     5   Next: 38%
Magic:  6/6        EV: 21    Int:  8    God:    Trog [**....]
Gold:   152        SH:  0    Dex: 16    Spells: 4/4 levels left

rFire    . . .     SeeInvis +   h - +0 spear (distort)
rCold    . . .     Gourm    .   (shield restricted)
rNeg     . . .     Faith    .   j - -2 robe (curse)
rPois    .         Spirit   .   (helmet restricted)
rElec    .         Reflect  .   g - +1 cloak
rCorr    .         Harm     .   (gloves unavailable)
MR       .....                  (boots unavailable)
Stlth    +.........             (no amulet)
HPRegen  0.09/turn              (no ring)
MPRegen  0.10/turn              (no ring)

@: very quick
A: very small, unfitting armour, see invisible, herbivore, speed 3, slow
metabolism 2
a: Berserk, Trog's Hand, Renounce Religion


You were on level 3 of the Dungeon.
You worshipped Trog.
Trog was pleased with you.
You were not hungry.

You visited 1 branch of the dungeon, and saw 3 of its levels.

You collected 152 gold pieces.

Inventory:

Hand Weapons
 a - a +0 short sword
 h - a +0 spear of distortion (weapon)
Missiles
 e - 107 stones (quivered)
Armour
 b - a +0 animal skin
 g - a +1 cloak (worn)
 j - a cursed -2 robe (worn)
Potions
 d - a potion of heal wounds {!q, unknown}
 f - a potion of magic {!q, unknown}
 i - a potion of haste {!q, unknown}
Comestibles
 c - 2 rations


   Skills:
 - Level 2.4 Fighting
 - Level 4.0 Short Blades
 * Level 2.5 Polearms
 - Level 1.0 Throwing
 + Level 6.1 Dodging


You had 4 spell levels left.
You didn't know any spells.
Your spell library was empty.

Dungeon Overview and Level Annotations

Branches:
Dungeon (3/15)

Altars:
Cheibriados
Uskayaw


Innate Abilities, Weirdness & Mutations

You are very small and have problems with some larger weapons.
You are too small for most types of armour.
You have supernaturally acute eyesight. (SInv)
You are a herbivore.
You cover ground extremely quickly.
You need to consume almost no food.


Message History

You reach to attack!
You closely miss the orc wizard.
You hit the orc wizard but do no damage.
The orc wizard blinks!
The orc wizard casts a spell at you. The magic dart hits you!
* * * LOW HITPOINT WARNING * * *
Attack whom?
Press: ? - help, Dir - move target cursor, f/p - orc wizard
Aim: an orc wizard, wielding a dagger and wearing a robe You reach to attack!
You closely miss the orc wizard.
The orc wizard gestures wildly while chanting.
The orc wizard seems to speed up.
Attack whom?
Press: ? - help, Dir - move target cursor, f/p - orc wizard
Aim: an orc wizard, wielding a dagger and wearing a robe (fast)
You reach to attack!
You hit the orc wizard.
Space bends around the orc wizard.
The orc wizard is severely wounded.
You hit the orc wizard.
The orc wizard is almost dead.
The orc wizard hits you with a dagger.
* * * LOW HITPOINT WARNING * * *
The orc wizard closely misses you.
You hit the orc wizard but do no damage.
The orc wizard is devoured by a tear in reality.
The adder completely misses you.
You hit the adder.
The adder is moderately wounded.
The adder disappears!
You start resting.
The adder is too close now for your liking.
You are too injured to fight recklessly!
You are too injured to fight recklessly!
You are too injured to fight recklessly!
You are too injured to fight recklessly!
Things that are here:
a trident; an orc corpse You see here a goblin corpse.
Attack whom?
Press: ? - help, Dir - move target cursor, f - adder
Aim: an adder (moderately wounded)
You reach to attack!
You hit the adder.
Space bends around the adder.
The adder is severely wounded.
Attack whom?
Press: ? - help, Dir - move target cursor, f/p - adder
Aim: an adder (severely wounded)
You barely miss the adder.
The adder is severely wounded.
The adder barely misses you. The adder bites you.
* * * LOW HITPOINT WARNING * * *
Attack whom?
Press: ? - help, Dir - move target cursor, f/p - adder
Aim: an adder (severely wounded)
You hit the adder but do no damage.
The adder is severely wounded.
The adder disappears!
You start resting.
An adder comes into view.
An adder is nearby!
The adder hisses angrily.
Attack whom?
Press: ? - help, Dir - move target cursor, f - adder
Aim: an adder You closely miss the adder.
The adder bites you.
You die...

# #.##.##########
..######.##.#.......$#
#...........#........#
#.....##....#........####
..........<.#...........
#####......#........%#
###......#.........#
........>..)).....##
≈.≈≈≈≈.S@..†.......#
≈≈≈.≈≈≈≈......#####'#######
≈≈≈.≈≈≈≈.....## #........
≈≈≈.≈≈≈≈.#..$# #.#######
....≈≈≈≈.#...# #.####
......#...# #....# ≈≈≈≈≈
#.>.. ####.# ≈≈≈≈≈ ###+##
#.# #.####


You could see an adder.

Vanquished Creatures
  An orc wizard (D:3)
  4 gnolls (D:2)
  4 adders (D:2)
  2 dart slugs
  3 leopard geckos
  3 orcs (D:3)
  A giant cockroach (D:1)
  2 goblins
  7 hobgoblins
  4 kobolds
  5 bats
  3 frilled lizards (D:1)
  4 rats (D:1)
43 creatures vanquished.

Vanquished Creatures (others)
  An orc wizard (D:3)
  An adder (D:2)
  A dart slug (D:2)
3 creatures vanquished.

Grand Total: 46 creatures vanquished

Notes
Turn   | Place    | Note
-------+----------+-------------------------------------------
     0 | D:1      | Amnesiac the Spriggan Berserker began the quest for the Orb.
     0 | D:1      | Reached XP level 1. HP: 11/11 MP: 2/2
   165 | D:1      | Reached XP level 2. HP: 13/16 MP: 3/3
   410 | D:1      | Reached skill level 1 in Throwing
   880 | D:2      | Reached XP level 3. HP: 19/19 MP: 4/4
   940 | D:2      | Reached skill level 5 in Dodging
   942 | D:2      | Reached ** piety under Trog
   962 | D:2      | Reached skill level 1 in Polearms
   971 | D:2      | Reached XP level 4. HP: 14/23 MP: 5/5
  1096 | D:2      | Found a snail-covered altar of Cheibriados.
  1140 | D:2      | Found a faded altar of an unknown god.
  1310 | D:2      | Found a hide-covered altar of Uskayaw.
  1312 | D:2      | Noticed a hand axe
  1312 | D:2      | Noticed a dagger
  1846 | D:3      | Reached skill level 6 in Dodging
  1846 | D:3      | Reached XP level 5. HP: 23/27 MP: 6/6
  1883 | D:3      | Slain by an adder

Vault maps used:
D:1:      roderic_octagonal_star
D:2:      kennysheep_slug_shrine, dancing_weapons_uskayaw,
          chequers_ecumenical_altar_simple_redux
D:3:      cheibrodos_greedy_goblins, kiku_gazebo_pond_becter, led_xom_imps,
          minivault_14

Skill      XL: |  1  2  3  4 |
---------------+-------------+-----
Throwing       | 1 |  1.0
Short Blades   | 4 |  4.0
Dodging        | 5 6 |  6.1
Polearms       | 1 2 |  2.5
Fighting       | |  2.4

Action                   |  1- 3 |  4- 6 || total
-------------------------+-------+-------++-------
Melee: Short sword       |    67 |       ||    67
       Spear             |    44 |    57 ||   101
  Use: Scroll            |     2 |     1 ||     3
 Stab: Sleeping          |     2 |     1 ||     3
Armor: Animal skin       |    18 |     1 ||    19
Dodge: Dodged            |    80 |    25 ||   105

Table legend:
 A = Spawn XP
 B = Non-spawn XP
 C = Spawn XP percentage of total XP
 D = Spawn monster count
 E = Non-spawn monster count
 F = Spawn count percentage of total count
 G = Total turns spent on level
                    A         B        C        D         E        F      G
               +---------+---------+-------+---------+---------+-------+---------
         Total |       0 |     266 |   0.0 |       0 |      46 |   0.0 |  1883
               +---------+---------+-------+---------+---------+-------+---------
           D:1 |       0 |      35 |   0.0 |       0 |      21 |   0.0 |   794
           D:2 |       0 |     143 |   0.0 |       0 |      19 |   0.0 |   986
           D:3 |       0 |      88 |   0.0 |       0 |       6 |   0.0 |   103
               +---------+---------+-------+---------+---------+-------+---------
